Map: Ruínas de Endion

Players

IIIIIIIIIIII

  • Race: Terran Terran
  • League: Diamond

TheZergLord - Winner!

  • Race: Zerg Zerg
  • League: Master

VOD

Have the link to the VOD?

Description

Time

  • Played on: May 5, 2016, 1:06 p.m.
  • Length: 11:09
Show
View Real Time Build Order
Export as new Build Order

IIIIIIIIIIII Terran 

Build Orders: Reaper Expand, Hellion Banshee 

Get SALT Encoding   

  12  0:00  SCV  
  13  0:13  SCV  
  14  0:18  Supply Depot  
  14  0:25  SCV  
  15  0:39  SCV  
  15  0:41  Barracks  
  16  0:44  Refinery  
  16  0:52  SCV  
  17  1:04  SCV  
  18  1:16  SCV  
  19  1:28  Reaper, Orbital Command  
  20  1:42  Command Center  
  20  1:51  Supply Depot  
  20  1:54  SCV  
  20  2:00  Marine  
  22  2:06  SCV  
  23  2:14  Refinery, Factory  
  23  2:18  SCV  
  23  2:22  Barracks Reactor  
  24  2:30  SCV  
  25  2:42  SCV  
  26  2:54  Orbital Command  
  26  2:55  SCV  
  27  3:00  Starport  
  27  3:07  SCV  
  28  3:15  Marine, Hellion x2  
  28  3:19  SCV  
  34  3:20  SCV  
  35  3:27  Supply Depot  
  35  3:31  SCV  
  35  3:32  SCV  
  35  3:33  Marine  
  38  3:37  Hellion x2  
  38  3:38  Medivac  
  44  3:43  SCV  
  44  3:44  SCV  
  46  3:50  Supply Depot  
  46  3:51  Marine  
  46  3:53  Armory  
  46  3:55  SCV  
  48  3:57  SCV  
  48  4:00  Hellion  
  51  4:03  Hellion  
  51  4:07  SCV  
  54  4:12  Starport Tech Lab, SCV  
  54  4:13  Barracks Tech Lab  
  54  4:15  Supply Depot  
  55  4:19  SCV  
  55  4:21  Hellion  
  58  4:24  Hellion, SCV  
  61  4:33  SCV  
  61  4:35  Cloaking Field  
  61  4:37  Banshee, SCV  
  66  4:38  Supply Depot, Marine  
  66  4:45  SCV  
  66  4:49  SCV  
  66  4:57  SCV  
  67  5:01  Marine, SCV  
  67  5:02  Hellion x2  
  67  5:06  Bunker  
  66  5:07  Command Center  
  66  5:09  SCV  
  64  5:18  Refinery x2  
  64  5:19  Banshee  
  65  5:26  Marauder  
  67  5:30  SCV  
  67  5:32  Barracks  
  67  5:33  SCV  
  67  5:34  Barracks  
  67  5:36  Factory Reactor  
  67  5:42  SCV  
  68  5:47  Marine, SCV  
  68  5:54  SCV  
  62  5:59  SCV  
  62  6:02  Banshee  
  64  6:06  Marine, SCV  
  64  6:11  SCV  
  48  6:18  SCV  
  48  6:19  Hellion x2  
  48  6:21  Orbital Command  
  48  6:23  Marine, SCV  
  39  6:30  SCV  
  27  6:35  SCV  
  20  6:49  SCV x2  
  20  6:51  SCV  
  23  7:01  SCV x2  
  25  7:03  SCV  
  25  7:08  Starport Reactor  
  26  7:13  SCV x2  
  26  7:15  SCV  
  29  7:21  Stimpack  
  29  7:25  SCV  
  29  7:29  SCV x2  
  32  7:31  Marine  
  33  7:37  SCV  
  33  7:39  Liberator x2  
  33  7:40  Bunker, Factory Tech Lab  
  33  7:43  SCV x2  
  36  7:49  SCV  
  37  7:53  Marine  
  37  7:57  SCV  
  45  8:01  SCV x2  
  43  8:15  SCV  
  43  8:16  SCV  
  43  8:17  Marine  
  41  8:23  SCV  
  37  8:28  SCV x2  
  36  8:35  SCV  
  36  8:40  SCV x2  
  38  8:47  SCV  
  35  8:52  SCV x2  
  35  8:59  SCV  
  35  9:02  Marine  
  37  9:04  SCV  
  37  9:07  Barracks  
  37  9:08  Starport Reactor  
  37  9:11  SCV x2  
  37  9:16  SCV  
  40  9:19  Siege Tank  
  40  9:21  Barracks  
  40  9:23  SCV x2  
  45  9:27  Supply Depot  
  45  9:33  SCV  
  45  9:35  SCV  
  45  9:36  SCV  
  45  9:37  Marine  
  45  9:38  Combat Shields  
  50  9:45  SCV  
  50  9:48  SCV x2  
  49  9:57  SCV  
  50  10:00  Marine x2, SCV x2  
  50  10:06  Marine  
  55  10:09  SCV  
  55  10:10  Barracks  
  53  10:16  Marine  
  53  10:17  Marine  
  53  10:18  Marine  
  46  10:31  Marine, Orbital Command  
  44  10:36  Marine x2  
  44  10:37  Marine x2  
  44  10:40  SCV  
  49  10:48  Engineering Bay  
  49  10:50  Engineering Bay  
  49  10:51  SCV  
  49  10:52  SCV  
Show
View Real Time Build Order
Export as new Build Order

TheZergLord Zerg - Winner!

Build Orders: Hatch First 

Get SALT Encoding   

  12  0:01  Drone  
  13  0:14  Overlord  
  13  0:18  Drone  
  14  0:33  Drone x2  
  16  0:37  Drone  
  17  0:52  Hatchery  
  17  0:55  Drone  
  17  1:08  Spawning Pool  
  16  1:11  Drone  
  16  1:14  Extractor  
  16  1:16  Drone  
  17  1:20  Drone  
  18  1:31  Drone  
  19  1:42  Overlord  
  19  1:56  Queen  
  19  1:57  Zergling x2  
  22  2:04  Zergling x4  
  22  2:05  Queen  
  26  2:15  Metabolic Boost  
  26  2:17  Drone x2  
  27  2:34  Drone x2  
  27  2:35  Drone  
  30  2:42  Drone  
  31  2:49  Hatchery  
  30  2:51  Drone  
  30  2:54  Queen  
  33  2:59  Overlord  
  33  3:01  Drone  
  33  3:03  Drone  
  35  3:07  Drone  
  35  3:19  Drone x3  
  38  3:20  Overlord  
  38  3:22  Drone  
  38  3:23  Drone x2  
  38  3:26  Drone x2  
  44  3:41  Drone  
  44  3:44  Overlord  
  48  3:48  Overlord  
  48  3:54  Roach Warren  
  48  3:55  Extractor x2  
  42  4:01  Queen  
  43  4:07  Overlord  
  43  4:08  Drone  
  43  4:09  Drone x3  
  47  4:11  Overlord x3  
  47  4:36  Roach x7  
  47  4:37  Zergling x2, Roach x2  
  65  4:47  Roach x3  
  63  5:01  Roach x3  
  63  5:02  Zergling x2, Roach  
  70  5:13  Zergling x4  
  70  5:14  Zergling x4  
  73  5:20  Drone  
  75  5:22  Drone x2  
  75  5:26  Ravager  
  75  5:28  Zergling x8  
  80  5:34  Ravager  
  83  5:38  Zergling x6  
  80  5:52  Zergling x14  
  67  6:22  Drone x8  
  56  6:33  Drone  
  56  6:38  Lair  
  56  6:39  Queen x2, Spore Crawler  
  56  6:45  Spore Crawler  
  56  6:46  Drone  
  52  6:56  Drone x3  
  52  7:00  Roach  
  52  7:01  Roach x2  
  60  7:03  Roach  
  60  7:05  Roach  
  64  7:22  Queen x2  
  63  7:30  Drone, Spore Crawler  
  63  7:36  Overseer  
  63  7:37  Glial Reconstitution  
  65  7:57  Queen  
  63  8:03  Queen  
  64  8:19  Drone x5  
  69  8:20  Drone x7  
  69  8:21  Drone  
  69  8:26  Hatchery  
  75  8:35  Lair  
  73  8:43  Roach x5  
  73  8:44  Roach  
  85  9:01  Drone  
  85  9:02  Drone x2  
  82  9:13  Drone x2  
  82  9:15  Evolution Chamber, Roach  
  82  9:16  Roach x3  
  82  9:17  Evolution Chamber  
  90  9:18  Overlord x2  
  90  9:20  Extractor  
  90  9:21  Extractor  
  90  9:22  Drone  
  89  9:27  Queen  
  91  9:36  Drone  
  91  9:38  Hydralisk Den  
  85  10:09  Hydralisk  
  85  10:10  Hydralisk x9  
  85  10:37  Hydralisk x3  
  85  10:38  Hydralisk x3  
  85  10:41  Hydralisk  
  99  10:47  Drone x2  
Tags
 
Add a new tag
Caveats
  • Supply blocks, unpowered buildings, or Contaminate may cause inaccurate times.
  • Supply counts are checked every 10 seconds.